 Dungeon Crawl Stone Soup version 0.28-a0-1567-g1695149f81 (webtiles) character file.

Game seed: 14515657387662539530

93 croobank the Insei (level 4, -10/29 HPs)
             Began as an Octopode Transmuter on Jan 19, 2022.
             Mangled by a gnoll (11 damage)
             ... on level 2 of the Dungeon.
             The game lasted 00:08:30 (2394 turns).

croobank the Insei (Octopode Transmuter)            Turns: 2394, Time: 00:08:31

Health: -10/29     AC:  1    Str: 11    XL:     4   Next: 62%
Magic:  5/7        EV: 13    Int: 15    God:
Gold:   19         SH:  0    Dex: 12    Spells: 2/8 levels left

rFire   + + .      SeeInvis .   b - +0 short sword
rCold   + . .      Faith    .   (no shield)
rNeg    . . .      Spirit   .   (helmet restricted)
rPois   +          Reflect  .   (no amulet)
rElec   +          Harm     .   j - ring of protection from fire
rCorr   +          Rampage  .   (no ring)
Will    .....                   (no ring)
Stlth   ++........              (no ring)
HPRegen 0.09/turn               (no ring)
MPRegen 0.10/turn               (no ring)
                                (no ring)
                                (no ring)

@: resistant
A: almost no armour, amphibious, 8 rings, camouflage 1, gelatinous body 1,
(nimble swimmer 1), tentacles
a: no special abilities


You were on level 2 of the Dungeon.
You visited 1 branch of the dungeon, and saw 2 of its levels.

You collected 19 gold pieces.

Inventory:

Hand Weapons
 b - a +0 short sword (weapon)
Missiles
 a - 4 poisoned darts
 d - 10 arrows
 g - 28 stones
 l - 3 datura-tipped darts (quivered)
Jewellery
 j - a ring of protection from fire (left tentacle)
Scrolls
 c - a scroll of acquirement {unknown}
 e - a scroll of holy word {unknown}
 h - a scroll of immolation
 k - a scroll of blinking {unknown}
Potions
 f - a potion of brilliance
 i - a potion of haste
 n - a potion of heal wounds {unknown}


   Skills:
 + Level 2.0 Fighting
 + Level 2.7 Dodging
 + Level 3.5 Unarmed Combat
 + Level 2.6 Spellcasting
 + Level 2.7 Transmutations


You had 2 spell levels left.
You knew the following spells:

 Your Spells              Type           Power      Damage    Failure   Level
a - Beastly Appendage     Tmut           20%        N/A       7%          1
b - Wereblood             Tmut           10%        N/A       11%         2
c - Static Discharge      Conj/Air       1%         N/A       32%         2
d - Magic Dart            Conj           4%         1d3       22%         1

Your spell library contained the following spells:

 Spells                   Type           Power      Damage    Failure   Level
 Searing Ray              Conj           2%         2d4       32%         2
 Spider Form              Tmut/Pois      6%         N/A       34%         3
 Ice Form                 Ice/Tmut       6%         N/A       75%         4
 Dispel Undead            Necr           1%         3d6       91%         4
 Fulminant Prism          Conj/Hex       0%         3d6       91%         4
 Sticky Flame             Conj/Fire      1%         2d3       91%         4


Dungeon Overview and Level Annotations

Branches:
Dungeon (2/15)

Altars:
Sif Muna

Shops:
D:2 *


Innate Abilities, Weirdness & Mutations

You cannot wear most types of armour.
You are amphibious.
You can wear up to eight rings at the same time.
Your skin changes colour to match your surroundings (Stealth+).
Your rubbery body absorbs attacks. (AC +1, EV +1)
((You are camouflaged when in or above water. (Stealth+)))
You have tentacles for arms and can constrict up to eight enemies at once.


Message History

You constrict the gnoll, but do no damage.
The gnoll misses the gnoll.
The gnoll hits something with a +0 spear.
You feel a bit more experienced. The gnoll closely misses you.
You hit the gnoll.
The gnoll is severely wounded.
You constrict the gnoll.
The gnoll hits the gnoll with a +0 spear!
The gnoll misses you.
You hit the gnoll.
You kill the gnoll!
The gnoll hits the gnoll with a +0 spear!
The gnoll dies!
Your Fighting skill increases to level 2!
Okay, then.
The gnoll shouts!
The gnoll misses you.
Casting: Beastly Appendage (safe; 7% risk of failure)
Confirm with . or Enter, or press ? or * to list all spells.
You miscast Beastly Appendage.
You are very lightly contaminated with residual magic.
Nothing appears to happen.
The gnoll misses you.
The gnoll hits you from afar with a +0 spear!
* * * LOW HITPOINT WARNING * * *
Okay, then.
Throw: 4 darts (datura)
Press: ? - help, Q - select action, (/) - cycle Shift-Dir - straight line, f/p - gnoll
Aim: a gnoll, wielding a +0 spear (fast, strong, frenzied and insane, 61% to hit, immune)
You throw a datura-tipped dart. The datura-tipped dart hits the gnoll.
The gnoll barely misses you.
The gnoll shouts!
The gnoll closely misses you.
The gnoll hits you from afar with a +0 spear.
* * * LOW HITPOINT WARNING * * *
It was a potion of resistance.
You feel protected. The gnoll misses you.
Your magical contamination has completely faded away.
The gnoll hits you from afar with a +0 spear!
You die...

##...........##.......#####.
##..############.......###...
#####..## #####.................
...##.## #.....##........####.#
...#..# ####.#.............##...#
...#.####......#####.......#..###
..........#...## #.........##
.....######.#############...###
...### #...g.@<............##
...# #............##......## ...#
#............##........ ...#
####....................## ####
###))(......>...........####
######.(.###..........######## #
..........##..........# #
..........##..........# #
.........<##..........#


You could see a neutral gnoll (fast, strong, insane).

Vanquished Creatures
  A gnoll (D:2)
  2 adders (D:2)
  3 ball pythons
  4 bats
  8 endoplasms
  A giant cockroach (D:2)
  3 hobgoblins
  10 jackals
  2 quokkas (D:2)
  2 frilled lizards (D:2)
  2 goblins
  A kobold (D:2)
  2 rats
41 creatures vanquished.

Vanquished Creatures (collateral kills)
  2 gnolls (D:2)
2 creatures vanquished.

Grand Total: 43 creatures vanquished

Notes
Turn   | Place    | Note
-------+----------+-------------------------------------------
     0 | D:1      | croobank the Octopode Transmuter began the quest for the
                  | Orb.
     0 | D:1      | Reached XP level 1. HP: 13/13 MP: 3/3
   445 | D:1      | Reached XP level 2. HP: 18/18 MP: 3/5
   448 | D:1      | Learned a level 2 spell: Wereblood
   525 | D:1      | Learned a level 2 spell: Static Discharge
   768 | D:1      | Found a faded altar of an unknown god.
  1532 | D:2      | Reached XP level 3. HP: 23/23 MP: 4/6
  1858 | D:2      | Found a shimmering blue altar of Sif Muna.
  1964 | D:2      | Found Vuyqaoqi's Assorted Antiques.
  2251 | D:2      | Learned a level 1 spell: Magic Dart
  2382 | D:2      | Reached XP level 4. HP: 29/29 MP: 5/7
  2392 | D:2      | HP: 1/29 [gnoll (3)]
  2394 | D:2      | Mangled by a gnoll

Illustrated notes

Levels and vault maps discovered:
D:1:      dpeg_arrival_tiny_g, layout_loops_corners,
          ebering_ecumenical_altar_webs
D:2:      layout_rooms, basic_altar, serial_shops, nicolae_shop_stone

Skill      XL: |  1  2  3  4 |
---------------+-------------+-----
Fighting       | 2 |  2.0
Dodging        | |  2.7
Unarmed Combat | |  3.5
Spellcasting   | |  2.6
Transmutations | |  2.7

Action                   |  1- 3 |  4- 6 || total
-------------------------+-------+-------++-------
Melee: Unarmed           |    12 |       ||    12
       Kick              |    21 |     1 ||    22
       Constrict         |    21 |     1 ||    22
       Tentacles         |    17 |       ||    17
       Punch             |     3 |       ||     3
       Short sword       |    71 |     3 ||    74
Throw: Dart              |       |     2 ||     2
 Cast: Beastly Appendage |    31 |       ||    31
  Use: Scroll            |     3 |       ||     3
       Potion            |       |     1 ||     1
 Stab: Sleeping          |     5 |       ||     5
Armor: Skin              |     4 |       ||     4
Dodge: Dodged            |    53 |     7 ||    60

Table legend: (Time is in decaauts)
 A = Elapsed time spent in this place.
 B = Non-inter-level travel time spent in this place.
 C = Inter-level travel time spent in this place.
 D = Time resting spent in this place.
 E = Time spent auto-exploring this place.
 F = Levels seen in this place.
 G = Mean time per level.
                   A        B        C        D        E       F      G
               +--------+--------+--------+--------+--------+-----+--------+
         Total |   2399 |   2342 |     57 |    347 |   1629 |   2 | 1199.5 |
       Dungeon |   2399 |   2342 |     57 |    347 |   1629 |   2 | 1199.5 |
               +--------+--------+--------+--------+--------+-----+--------+

Top non-repeatable levels by time:
     D:1: 1524 daAuts
     D:2: 874 daAuts
